 Dungeon Crawl Stone Soup version 0.28-a0-1159-g27aa881441 (webtiles) character file.

Game seed: 7884126545161032266

2 siradein the Skirmisher (level 1, -2/24 HPs)
             Began as an Ogre Fighter on Dec 16, 2021.
             Slain by a quokka (3 damage)
             ... on level 1 of the Dungeon.
             The game lasted 00:00:14 (53 turns).

siradein the Skirmisher (Ogre Fighter)                Turns: 53, Time: 00:00:15

Health: -2/24      AC:  3    Str: 19    XL:     1   Next: 40%
Magic:  1/1        EV:  8    Int:  9    God:
Gold:   0          SH:  7    Dex:  8    Spells: 0/0 levels left

rFire   . . .      SeeInvis .   a - +0 flail
rCold   . . .      Faith    .   c - +0 kite shield
rNeg    . . .      Spirit   .   b - +0 robe
rPois   .          Reflect  .   (helmet restricted)
rElec   .          Harm     .   (no cloak)
rCorr   .          Rampage  .   (gloves unavailable)
Will    .....                   (boots unavailable)
Stlth   +.........              (no amulet)
HPRegen 0.08/turn               (no ring)
MPRegen 0.07/turn               (no ring)

@: no status effects
A: large, unfitting armour, tough skin 1
a: no special abilities


You were on level 1 of the Dungeon.
You visited 1 branch of the dungeon, and saw 1 of its levels.

Inventory:

Hand Weapons
 a - a +0 flail (weapon)
Armour
 b - a +0 robe (worn)
 c - a +0 kite shield (worn)
Potions
 d - a potion of might
 e - a potion of brilliance {unknown}


   Skills:
 + Level 4.1 Fighting
 + Level 1.8 Maces & Flails
 + Level 2.7 Dodging
 + Level 2.7 Shields


You couldn't memorise any spells.
You didn't know any spells.
Your spell library was empty.

Dungeon Overview and Level Annotations

Branches:
Dungeon (1/15)

Altars:


Innate Abilities, Weirdness & Mutations

You are too large for most types of armour.
You have tough skin. (AC +1)


Message History

You hit the quokka but do no damage. The quokka barely misses you.
The quokka closely misses you.
You hit the quokka.
The quokka is moderately wounded.
The quokka bites you but does no damage.
The quokka bites you.
You closely miss the quokka.
The quokka is moderately wounded.
You block the quokka's attack. x2
You miss the quokka.
The quokka is moderately wounded.
The quokka bites you.
You closely miss the quokka.
The quokka is moderately wounded.
You block the quokka's attack. The quokka bites you.
You closely miss the quokka.
The quokka is moderately wounded.
The quokka bites you but does no damage.
The quokka bites you.
You are too injured to fight recklessly!
You are too injured to fight recklessly!
You are too injured to fight recklessly!
You are too injured to fight recklessly!
You hit the quokka.
The quokka is severely wounded.
The quokka bites you. x2
* * * LOW HITPOINT WARNING * * *
You closely miss the quokka.
The quokka is severely wounded.
The quokka bites you.
* * * LOW HITPOINT WARNING * * *
The quokka barely misses you.
You closely miss the quokka.
The quokka is severely wounded.
The quokka bites you.
* * * LOW HITPOINT WARNING * * *
You hit the quokka but do no damage.
The quokka is severely wounded.
You block the quokka's attack. The quokka bites you.
You die...

#############
#............
#............
#.#####...†........
#....r@............
####...####'##########
#...# #.# #....# #...#
#.# ###....## #...#
#.###........ #...#
#.##......... #...#
#.##......... #...#
#.##.........
#.##.........


You could see a quokka.

Vanquished Creatures
  A hobgoblin (D:1)
  2 rats (D:1)
3 creatures vanquished.

Notes
Turn   | Place    | Note
-------+----------+-------------------------------------------
     0 | D:1      | siradein the Ogre Fighter began the quest for the Orb.
     0 | D:1      | Reached XP level 1. HP: 24/24 MP: 1/1
    52 | D:1      | HP: 1/24 [quokka (3)]
    53 | D:1      | Slain by a quokka

Illustrated notes

Levels and vault maps discovered:
D:1:      ncdulo_lavacross, layout_basic

Action                   || total
-------------------------++-------
Melee: Flail             ||    15
Armor: Robe              ||     2
Dodge: Dodged            ||     6
Block: Kite shield       ||     6

Table legend: (Time is in decaauts)
 A = Elapsed time spent in this place.
 B = Non-inter-level travel time spent in this place.
 C = Inter-level travel time spent in this place.
 D = Time resting spent in this place.
 E = Time spent auto-exploring this place.
 F = Levels seen in this place.
 G = Mean time per level.
                   A        B        C        D        E       F      G
               +--------+--------+--------+--------+--------+-----+--------+
         Total |     60 |     60 |      0 |      0 |     26 |   1 |   60.0 |
       Dungeon |     60 |     60 |      0 |      0 |     26 |   1 |   60.0 |
               +--------+--------+--------+--------+--------+-----+--------+

Top non-repeatable levels by time:
     D:1: 60 daAuts
